 Dungeon Crawl Stone Soup version 0.20-a0-1086-g4bd2f5b (webtiles) character file.

560757 Firecrotchwizard the Hoplite (level 26, 0/199 HPs)
             Began as a Merfolk Berserker on May 2, 2017.
             Was a High Priest of Trog.
             Slain by a white draconian
             ... wielding a +0 glaive
              (21 damage)
             ... on level 1 of the Realm of Zot.
             The game lasted 03:18:14 (56188 turns).

Firecrotchwizard the Hoplite (Merfolk Berserker)   Turns: 56188, Time: 03:18:15

Health: 0/199      AC: 37    Str: 18      XL:     26   Next: 63%
Magic:  0/31       EV: 28    Int: 12      God:    Trog [*****.]
Gold:   1927       SH: 31    Dex: 21 (22) Spells: 25/25 levels left

rFire    + . .     SeeInvis +   n - +10 demon trident of the Vine {elec, Int+3}
rCold    + . .     Gourm    +   G - +6 large shield
rNeg     + + +     Faith    .   E - +10 pearl dragon scales
rPois    +         Spirit   .   d - +2 hat
rElec    .         Reflect  .   s - +2 cloak of the Thief {+Fog Slay-2 SInv Stlth+}
rCorr    +         Harm     .   j - +0 pair of gloves of the Alphagorgon {+Inv rCorr} (curse)
MR       +....                  D - +2 pair of boots
Stlth    +.........             N - amulet "Wuahibe" {Gourm rF+ Str-4 Slay+2}
Regen    0.5/turn               X - ring "Woumop" {rPois rN+++ Str+2 Int+2 Stlth-}
MPRegen  0.3/turn               w - ring of Huobeuc Ynoo {*Contam rC+ Slay+5 SInv Stlth+}

@: no status effects
A: change form in water, swift swim, stealthy swim, frail 1
}: 3/15 runes: serpentine, barnacled, silver
a: Berserk, Trog's Hand, Brothers in Arms, Burn Spellbooks, Renounce Religion,
Evoke Fog, Evoke Invisibility


You were on level 1 of the Realm of Zot.
You worshipped Trog.
Trog was extremely pleased with you.
You were very full.

You visited 8 branches of the dungeon, and saw 43 of its levels.
You visited the Abyss 1 time.
You visited 1 bazaar.
You also visited: Trove and Sewer.

You collected 5732 gold pieces.
You spent 3805 gold pieces at shops.

Inventory:

Hand Weapons
 n - the +10 demon trident of the Vine (weapon) {elec, Int+3}
   (Trog gifted it to you on level 1 of the Lair of Beasts)

   Occasionally, upon striking a foe, it will discharge some electrical energy
   and cause terrible harm.
   It affects your intelligence (+3).
 x - the +9 trident of Busenem {holy, rElec Str+3}
   (Trog gifted it to you on level 3 of the Vaults)

   It has been blessed by the Shining One to cause great damage to the undead
   and demons.
   It affects your strength (+3).
   It insulates you from electricity.
Missiles
 y - 5 throwing nets {=f, !d}
Armour
 d - a +2 hat (worn)
   (You found it on level 1 of the Dungeon)
 j - the cursed +0 pair of gloves of the Alphagorgon (worn) {+Inv rCorr}
   (You found it on level 5 of the Depths)

   It lets you turn invisible.
   It protects you from acid and corrosion.
   It has a curse placed upon it.
 k - +0 fire dragon scales
   (You found it on level 3 of the Depths)
 s - the +2 cloak of the Thief (worn) {+Fog Slay-2 SInv Stlth+}
   (You found it in a treasure trove)

   It affects your accuracy and damage with ranged weapons and melee attacks
   (-2).
   It lets you see invisible.
   It makes you more stealthy.
 D - a +2 pair of boots (worn)
   (You found it on level 3 of the Depths)
 E - +10 pearl dragon scales (worn)
   (You found it on level 13 of the Dungeon)
 G - a +6 large shield (worn)
   (You bought it in a shop on level 2 of the Orcish Mines)
 W - the cursed +0 leather armour of Vuttedai {rC+ rCorr Int-5, unknown}
   (You found it on level 1 of the Realm of Zot)

   It affects your intelligence (-5).
   It protects you from cold.
   It protects you from acid and corrosion.
   It has a curse placed upon it.
Jewellery
 m - an uncursed ring of protection from magic {MR+, !d}
   (You found it on level 4 of the Depths)
 w - the ring of Huobeuc Ynoo (right hand) {*Contam rC+ Slay+5 SInv Stlth+}
   (You took it off a yaktaur on level 4 of the Depths)

   [ring of protection from cold]

   It affects your accuracy and damage with ranged weapons and melee attacks
   (+5).
   It protects you from cold.
   It lets you see invisible.
   It causes magical contamination when unequipped.
   It makes you more stealthy.
 z - an uncursed ring of resist corrosion
   (You found it on level 2 of the Snake Pit)
 F - an uncursed ring of poison resistance {rPois, !d}
   (You found it on level 5 of the Dungeon)
 N - the amulet "Wuahibe" (around neck) {Gourm rF+ Str-4 Slay+2}
   (You found it in a treasure trove)

   [amulet of the gourmand]

   It allows you to eat raw meat even when not hungry.
   It affects your strength (-4).
   It affects your accuracy and damage with ranged weapons and melee attacks
   (+2).
   It protects you from fire.
 R - the ring "Jiorepra" {rElec MR+ Int+6}
   (You found it on level 2 of the Depths)

   [ring of protection from magic]

   It affects your intelligence (+6).
   It insulates you from electricity.
   It affects your resistance to hostile enchantments.
 X - the ring "Woumop" (left hand) {rPois rN+++ Str+2 Int+2 Stlth-}
   (You found it on level 2 of the Depths)

   [ring of loudness]

   It affects your strength (+2).
   It affects your intelligence (+2).
   It protects you from poison.
   It renders you almost immune to negative energy.
   It makes you less stealthy.
Wands
 J - a wand of scattershot (6/9)
   (You found it on level 6 of the Dungeon)
 K - a wand of scattershot (5/9)
   (You took it off Psyche on level 8 of the Dungeon)
 Q - a wand of disintegration (11/24)
   (You found it on level 11 of the Dungeon)
 V - a wand of digging (14/24)
   (You found it on level 5 of the Lair of Beasts)
Scrolls
 e - 2 scrolls of summoning
 f - 17 scrolls of teleportation
 h - 8 scrolls of magic mapping {!r}
 i - 3 scrolls of holy word {!r}
 t - 14 scrolls of remove curse
 B - 12 scrolls of recharging
 L - 3 scrolls of fear
 M - 4 scrolls of blinking {!r}
 P - 4 scrolls of silence
 S - a scroll of vulnerability {!r!r}
 U - 6 scrolls of identify
 Z - 7 scrolls of fog
Potions
 b - 3 potions of magic
 g - 10 potions of curing
 l - 5 potions of mutation {!q}
 p - 5 potions of invisibility
 q - 7 potions of agility
 u - 2 potions of resistance
 v - 9 potions of might
 A - 9 potions of flight
 O - 4 potions of haste
Miscellaneous
 a - a fan of gales
   (You bought it in a shop on level 15 of the Dungeon)
 r - a sack of spiders
 C - a lamp of fire
   (You found it on level 5 of the Vaults)
 H - 4 phantom mirrors
 T - a phial of floods
   (You found it on level 4 of the Snake Pit)
 Y - a lightning rod (3/4)
   (You found it on level 2 of the Snake Pit)
Comestibles
 c - 28 bread rations {@e1}
 o - 22 royal jellies
 I - a meat ration {@e2}


   Skills:
 + Level 21.2 Fighting
 - Level 14.1 Polearms
 + Level 14.2 Armour
 + Level 24.3 Dodging
 - Level 25.1 Shields
 - Level 10.6 Evocations


You had 25 spell levels left.
You didn't know any spells.

Dungeon Overview and Level Annotations

Branches:
Dungeon (15/15)            Temple (0/1) D:7            Lair (6/6) D:9
 Shoals (4/4) Lair:2        Snake (4/4) Lair:2        Slime (0/5) Lair:6
    Orc (2/2) D:10            Elf (0/3) Orc:2        Vaults (5/5) D:14
  Crypt (0/3) Vaults:2     Depths (5/5) D:15            Zot (2/5) Depths:5

Altars:
Cheibriados
Dithmenos
Elyvilon
Trog
Zin
Beogh

Shops:
D:4 (   D:5 :   D:14 :   D:15 *   Orc:2 *![}   Shoals:2 [   Shoals:3 (
Snake:1 *   Snake:4 *   Vaults:5 %   Depths:2 }=   Depths:4 :

Portals:
Hell: Depths:1 Depths:2 Depths:3 Depths:4 Depths:5
Abyss: Depths:2 Depths:4
Pandemonium: Orc:2 Depths:3 Depths:4
Ziggurat: Depths:5

Annotations:
D:7 SkeletonJelly's ghost, novice MiFi
Lair:6 exclusion: 4 oklob plants


Innate Abilities, Weirdness & Mutations

You revert to your normal form in water.
You are very nimble and swift while swimming.
You are very stealthy in the water. (Stealth+)
You are frail. (-10% HP)


Message History

You puncture the ghost moth! You block the moth of wrath's attack.
The ghost moth misses you. You block the ghost moth's attack. x2
You block the white draconian's attack.
You hit the ghost moth.
You block the black draconian monk's attack. x2
The black draconian monk tail-slaps you!
You block the ghost moth's attack. The ghost moth completely misses you.
The ghost moth stings you but does no damage.
You block the moth of wrath's attack.
You take 13 damage, and have 86/199 hp.
You impale the ghost moth!!
You block the black draconian monk's attack.
The black draconian monk kicks you!
You block the black draconian monk's attack.
The white draconian barely misses you.
You take 8 damage, and have 78/199 hp.
You hit the ghost moth.
The black draconian monk hits you but does no damage.
You block the black draconian monk's attack.
The black draconian monk tail-slaps you.
You block the moth of wrath's attack. You block the ghost moth's attack.
The ghost moth misses you. You block the ghost moth's attack.
The white draconian hits you with a glaive.
You take 5 damage, and have 73/199 hp.
You puncture the ghost moth!
You block the black draconian monk's attack. x3
The moth of wrath closely misses you. The ghost moth stares at you.
You feel your power leaking away.
The ghost moth hits you but does no damage.
You block the ghost moth's attack. x2
You hit the black draconian monk. You block the white draconian's attack.
You block the black draconian monk's attack.
The black draconian monk kicks you but does no damage.
The black draconian monk tail-slaps you but does no damage.
You puncture the black draconian monk! You block the moth of wrath's attack.
The ghost moth stares at you. You block the ghost moth's attack.
The ghost moth completely misses you. The ghost moth stings you.
The black draconian monk hits you!
* * * LOW HITPOINT WARNING * * *
The black draconian monk misses you.
The black draconian monk tail-slaps you!
* * * LOW HITPOINT WARNING * * *
You block the white draconian's attack.
You take 35 damage, and have 39/199 hp.
You spit the black draconian monk like a pig!!!
You block the moth of wrath's attack. The ghost moth stares at you.
The ghost moth completely misses you. You block the ghost moth's attack. x2
The black draconian monk hits you but does no damage.
You block the black draconian monk's attack.
The black draconian monk tail-slaps you but does no damage.
You puncture the black draconian monk! You block the white draconian's attack.
You block the black draconian monk's attack. x2
The black draconian monk tail-slaps you but does no damage.
The moth of wrath misses you.
You feel better. The ghost moth stares at you.
You block the ghost moth's attack. x3; You block the white draconian's attack.
The black draconian monk hits you!
* * * LOW HITPOINT WARNING * * *
The black draconian monk kicks you!
* * * LOW HITPOINT WARNING * * *
The black draconian monk closely misses you.
The moth of wrath closely misses you. The ghost moth stares at you.
The ghost moth hits you.
* * * LOW HITPOINT WARNING * * *
You feel clumsy.
The ghost moth hits you but does no damage.
The ghost moth completely misses you.
You take 18 damage, and have 21/199 hp.
As you read the scroll of fear, it crumbles to dust.
You assume a fearsome visage.
The moth of wrath resists with some effort.
The ghost moth resists with almost no effort.
The purple draconian resists with almost no effort.
You block the black draconian monk's attack. x2
The black draconian monk misses you. You block the white draconian's attack.
You block the moth of wrath's attack. The ghost moth stares at you.
The ghost moth completely misses you.
The ghost moth hits you but does no damage.
The ghost moth stings you but does no damage.
The black draconian monk hits you!
* * * LOW HITPOINT WARNING * * *
The black draconian monk completely misses you.
You block the black draconian monk's attack.
You take 10 damage, and have 11/199 hp.
Okay, then.
You feel better. You block the white draconian's attack.
You block the black draconian monk's attack.
The black draconian monk completely misses you. x2
The moth of wrath completely misses you.
The ghost moth stares at you.
You feel your power leaking away. You block the ghost moth's attack.
The ghost moth barely misses you. The ghost moth closely misses you.
The white draconian hits you with a glaive!!
You die...

)....§..................# #.#
#.≈§..≈.≈≈###....#......# #.#
#.≈≈..≈.≈≈# #....#......# #.#
#.≈≈..≈.≈§###....#......###.#
.....§§§....................#
#.##..≈§≈≈###.#..#.#....#####
.....§§§....#.#..#...####
#.###§§§#####.#dy#...#
#.###..§......dq@#...#
#.............#y##..)#
###############.##...############
# #.##............... #
#.##...########.### # #.##...#
#.# #.##...# #.# #.##...# #.#
#.###### #.#


You could see a black draconian monk (berserk), a purple draconian (berserk), a
white draconian (berserk), a ghost moth (invisible) and a moth of wrath.

Vanquished Creatures
  3 juggernauts
  Boris (Vaults:4)
  Sojobo (Vaults:3)
  Frederick (Depths:3)
  Bai Suzhen (Depths:1)
  Xtahua (Vaults:4)
  A caustic shrike (Depths:4)
  3 golden dragons
  Jory (Vaults:2)
  An electric golem (Zot:1)
  10 tentacled monstrosities
  Jorgrun (Vaults:3)
  2 liches
  2 titans (Vaults:5)
  3 quicksilver dragons
  An ancient champion (Depths:2)
  2 death cobs (Zot:1)
  4 sphinxes
  Polyphemus (Shoals:4)
  Agnes (D:15)
  5 storm dragons
  2 shadow dragons (Vaults:5)
  7 tengu reavers
  A draconian monk (Zot:1)
  5 nagarajas (Snake:4)
  Ilsuiw (Shoals:4)
  A revenant (Vaults:2)
  2 iron dragons
  A deep elf sorcerer (Depths:2)
  6 fire giants
  A ghost moth (Zot:1)
  2 draconian knights (Zot:1)
  18 frost giants
  A cacodemon (Depths:3)
  11 vault wardens
  An orc warlord (Vaults:3)
  Louise (D:15)
  2 draconian scorchers (Zot:1)
  3 deep elf elementalists
  A draconian stormcaller (Depths:5)
  26 very ugly things
  3 spriggan defenders
  2 draconian shifters (Zot:1)
  10 stone giants
  8 ironheart preservers
  An entropy weaver (Vaults:4)
  3 vampire knights
  A deep elf demonologist (Vaults:5)
  3 green draconians (Zot:1)
  A dire elephant (Lair:6)
  2 black draconians
  2 purple draconians (Depths:5)
  5 red draconians
  8 spark wasps
  6 yellow draconians
  A deep elf annihilator (Vaults:4)
  A white draconian (Depths:5)
  10 merfolk impalers
  A deep elf death mage (Vaults:2)
  2 crystal guardians
  6 merfolk javelineers
  9 ettins
  A deep elf high priest (Depths:4)
  8 fire dragons
  10 yaktaur captains
  A minotaur (shapeshifter) (Vaults:5)
  6 hydras
  Fannar (D:10)
  10 great orbs of eyes
  21 vault guards
  10 ice dragons
  7 naga warriors
  4 spriggan air magi
  7 merfolk avatars
  3 rakshasas
  A hydra (shapeshifter) (Vaults:5)
  3 anacondas
  2 catoblepae
  2 merfolk aquamancers (Shoals:4)
  3 alligator snapping turtles
  69 two-headed ogres
  4 death knights
  12 centaur warriors
  4 satyrs
  11 deep troll shamans
  18 ogre magi
  3 deep troll earth magi
  A death yak (shapeshifter) (Vaults:5)
  23 death yaks
  7 orc high priests
  2 vampire magi
  9 spriggan berserkers
  2 tengu warriors
  A shock serpent (shapeshifter) (Vaults:4)
  Urug (D:10)
  A spriggan (Depths:4)
  4 shock serpents
  4 hell knights
  Sonja (D:11)
  13 naga sharpshooters
  A sun demon (Orc:2)
  4 salamander mystics
  5 deep elf knights
  4 iron trolls
  11 sea snakes
  An unseen horror (Vaults:1)
  2 gelid demonspawn (Orc:2)
  23 deep trolls
  An unseen horror (shapeshifter) (D:15)
  18 skeletal warriors
  A sea snake (shapeshifter) (Vaults:5)
  3 glowing orange brains
  An infernal demonspawn (Orc:2)
  8 wizards
  6 naga ritualists
  6 deep elf archers
  7 flayed ghosts
  12 ironbrand convokers
  2 necromancers (Depths:3)
  9 phantasmal warriors
  Pikel (D:7)
  A harpy (shapeshifter) (Depths:3)
  29 orc knights
  A swamp dragon (Abyss:3)
  A shadow dragon zombie (Depths:3)
  2 lindwurms (shapeshifter)
  9 orc sorcerers
  17 harpies
  An oklob plant (Lair:2)
  5 mana vipers
  19 deep elf magi
  A wolf spider (shapeshifter) (Depths:4)
  A manticore (shapeshifter) (Depths:2)
  10 fauns
  31 ugly things
  8 manticores
  3 cyclopes (D:11)
  A moth of wrath (shapeshifter) (Vaults:3)
  A tengu skeleton (Depths:3)
  35 slime creatures
  A salamander (shapeshifter) (D:15)
  8 moths of wrath (Zot:1)
  A wolf spider (Vaults:2)
  17 salamanders
  An elephant (shapeshifter) (Vaults:5)
  17 elephants
  A black mamba (shapeshifter) (Vaults:5)
  29 black mambas
  3 water nymphs
  An eye of devastation (shapeshifter) (D:15)
  4 guardian serpents
  2 elf zombies (Depths:3)
  9 merfolk sirens
  A torpor snail (Lair:6)
  2 guardian serpents (shapeshifter)
  22 naga magi
  Psyche (D:8)
  A frost giant skeleton (Depths:3)
  A small abomination (Depths:4)
  12 vault sentinels
  2 gargoyles
  A large abomination (Abyss:3)
  5 spiny frogs
  3 rime drakes
  An efreet (D:15)
  A spriggan zombie (Depths:3)
  A redback zombie (D:15)
  3 kobold demonologists (D:15)
  A komodo dragon (shapeshifter) (Vaults:3)
  An entropy weaver simulacrum (Vaults:2)
  8 freezing wraiths
  A golden dragon simulacrum (Depths:3)
  A rime drake (shapeshifter) (Vaults:2)
  56 yaktaurs
  8 komodo dragons
  A hellwing (Orc:2)
  A spark wasp simulacrum (Depths:3)
  A queen bee (D:9)
  2 polar bears (Lair:6)
  19 merfolk
  2 wind drakes
  5 hornets
  A meliai (shapeshifter) (Vaults:4)
  3 red devils (Orc:2)
  7 trolls
  Prince Ribbit (D:8)
  9 blink frogs
  A blink frog (shapeshifter) (Vaults:3)
  A wind drake (shapeshifter) (Depths:2)
  12 snapping turtles
  A hippogriff (shapeshifter) (Depths:4)
  13 hippogriffs
  2 dream sheep (shapeshifter)
  A meliai zombie (D:10)
  5 air elementals
  A centaur simulacrum (D:15)
  A tarantella (shapeshifter) (D:15)
  13 water elementals
  8 redbacks (D:13)
  3 shadows
  A vampire (D:14)
  6 wraiths
  5 wyverns
  A human (shapeshifter) (Depths:2)
  A basilisk (shapeshifter) (Depths:5)
  A basilisk (Lair:2)
  36 yaks
  A hungry ghost (D:14)
  A golden eye (shapeshifter) (Vaults:4)
  5 vampire mosquitoes
  2 chaos spawn (Depths:3)
  4 neqoxecs
  A soldier ant (D:11)
  13 wargs
  31 nagas
  An acid dragon (D:14)
  A naga (shapeshifter) (Vaults:5)
  A soldier ant (shapeshifter) (D:15)
  12 water moccasins
  4 porcupines (Lair:2)
  3 floating eyes (Depths:2)
  A floating eye (shapeshifter) (D:15)
  An ice beast (D:9)
  53 orc warriors
  3 sky beasts
  2 black bears
  An ice beast (shapeshifter) (Depths:3)
  50 ogres
  4 phantoms
  2 eyes of draining
  A slave (D:7)
  13 boggarts
  2 necrophages
  5 wolves (Lair:6)
  27 centaurs
  8 crocodiles
  7 big kobolds
  17 bullfrogs
  A gnoll sergeant (D:10)
  A scorpion (D:4)
  A wyvern skeleton (D:10)
  30 killer bees
  15 wights
  A howler monkey (D:3)
  5 electric eels
  6 crimson imps
  7 centaur zombies
  3 bullfrog zombies
  2 lava snakes (Snake:2)
  3 quasits
  6 hounds
  4 jellies
  38 orc priests
  A bullfrog skeleton (D:7)
  4 centaur skeletons
  10 iguanas
  An iron imp (Depths:4)
  17 orc wizards
  12 worker ants
  A hound skeleton (D:8)
  2 hound zombies
  14 adders
  7 gnolls
  A river rat (D:3)
  3 shadow imps
  4 oozes
  An adder zombie (D:7)
  2 adder skeletons (D:4)
  3 worms
  A dart slug (D:2)
  7 leopard geckos
  92 orcs
  A ball python (D:4)
  5 giant cockroaches
  A goblin (D:1)
  8 hobgoblins
  13 jackals
  28 kobolds
  4 quokkas
  8 bats
  2 frilled lizards
  A leopard gecko skeleton (D:4)
  18 rats
  2 plants
1882 creatures vanquished.

Vanquished Creatures (collateral kills)
  Mennas (Vaults:5)
  2 golden dragons (Vaults:5)
  A tentacled monstrosity (Vaults:5)
  2 titans (Vaults:5)
  A shadow dragon (Vaults:5)
  2 tengu reavers (Vaults:5)
  A vault warden (Vaults:5)
  A deep elf elementalist (Vaults:5)
  2 ironheart preservers (Vaults:5)
  A very ugly thing (Vaults:5)
  A stone giant (Vaults:5)
  A deep elf demonologist (Vaults:5)
  2 purple draconians (Depths:5)
  A merfolk javelineer (Shoals:4)
  A merfolk impaler (Shoals:4)
  A rakshasa (D:15)
  An ogre mage (Vaults:1)
  10 vault guards (Vaults:5)
  A death knight (Vaults:5)
  A satyr (Shoals:2)
  3 deep troll earth magi
  A deep elf knight (Vaults:5)
  5 deep trolls
  A sea snake (shapeshifter) (Vaults:5)
  An orange crystal statue (Shoals:4)
  An ironbrand convoker (Vaults:5)
  A wizard (Vaults:1)
  A phantasmal warrior (Vaults:5)
  An orc knight (Vaults:5)
  A mana viper (shapeshifter) (Depths:2)
  2 ugly things (Vaults:5)
  3 fauns (Shoals:2)
  A cyclops (shapeshifter) (Vaults:5)
  A vault sentinel (Vaults:5)
  6 yaktaurs
  A freezing wraith (Vaults:5)
  A merfolk (Shoals:2)
  A wind drake (Shoals:2)
  A hippogriff (Shoals:2)
  A slime creature (Vaults:1)
  A hippogriff (shapeshifter) (Vaults:5)
  A naga (shapeshifter) (Depths:4)
  A warg (Vaults:1)
  An ogre (Vaults:1)
  A boggart (Vaults:1)
  2 orcs (Vaults:1)
75 creatures vanquished.

Vanquished Creatures (others)
  A draconian stormcaller (Zot:1)
  6 stone giants
  An ogre mage (Depths:2)
  A tengu warrior (D:15)
  A deep elf archer (Vaults:4)
  A deep elf mage (Vaults:5)
  A salamander (Depths:3)
  10 yaktaurs
  2 orc warriors
  2 slaves (D:7)
  3 boggarts
  A killer bee (D:7)
  An orc wizard (Depths:2)
  5 orcs
  5 fungi
  28 plants
69 creatures vanquished.

Grand Total: 2026 creatures vanquished

Notes
Turn   | Place    | Note
-------+----------+-------------------------------------------
     0 | D:1      | Firecrotchwizard the Merfolk Berserker began the quest for the Orb.
     0 | D:1      | Reached XP level 1. HP: 18/18 MP: 1/1
   152 | D:1      | Reached skill level 5 in Polearms
   176 | D:1      | Reached XP level 2. HP: 24/24 MP: 2/2
   389 | D:1      | Reached ** piety under Trog
   465 | D:1      | Reached skill level 6 in Polearms
   465 | D:1      | Reached XP level 3. HP: 23/29 MP: 3/3
  1136 | D:2      | Reached XP level 4. HP: 27/35 MP: 4/4
  1406 | D:2      | Reached skill level 7 in Polearms
  1811 | D:3      | HP: 8/35 [orc/whip of freezing (5)]
  1817 | D:3      | HP: 11/52 [orc (1)]
  1821 | D:3      | Reached skill level 8 in Polearms
  1821 | D:3      | Reached XP level 5. HP: 15/41 MP: 5/5
  2157 | D:3      | Found a glowing drain.
  2166 | Sewer    | Entered a sewer
  2172 | Sewer    | Reached *** piety under Trog
  2243 | Sewer    | Noticed a big kobold
  2280 | Sewer    | Killed a big kobold
  2280 | Sewer    | Reached skill level 9 in Polearms
  2280 | Sewer    | Reached XP level 6. HP: 43/47 MP: 6/6
  2304 | Sewer    | Found a white marble altar of Elyvilon.
  2679 | D:3      | Reached skill level 10 in Polearms
  2703 | D:3      | HP: 11/47 [poisoned by a gnoll]
  2708 | D:3      | HP: 9/47 [poisoned by a gnoll]
  2713 | D:3      | HP: 8/47 [poisoned by a gnoll]
  2720 | D:3      | HP: 7/47 [poisoned by a gnoll]
  2728 | D:3      | HP: 6/47 [poisoned by a gnoll]
  3736 | D:4      | Reached XP level 7. HP: 50/52 MP: 7/7
  3748 | D:4      | Reached skill level 11 in Polearms
  3812 | D:4      | Found Feal's Antique Weapon Shop.
  3950 | D:4      | Reached **** piety under Trog
  4273 | D:4      | Reached skill level 12 in Polearms
  4458 | D:5      | Entered Level 5 of the Dungeon
  4469 | D:5      | Reached XP level 8. HP: 33/58 MP: 8/8
  4696 | D:5      | Found Sanuny's Book Emporium.
  4721 | D:5      | Reached skill level 13 in Polearms
  5044 | D:5      | Reached skill level 3 in Dodging
  5175 | D:5      | Found a snail-covered altar of Cheibriados.
  5405 | D:6      | Reached skill level 2 in Armour
  5447 | D:6      | Reached skill level 4 in Fighting
  5447 | D:6      | Reached skill level 4 in Dodging
  5734 | D:6      | Reached skill level 1 in Shields
  5780 | D:6      | Reached XP level 9. HP: 63/66 MP: 9/9
  5818 | D:6      | Reached skill level 5 in Dodging
  5818 | D:6      | Reached skill level 2 in Shields
  5872 | D:6      | Found a shadowy altar of Dithmenos.
  6018 | D:7      | Reached skill level 5 in Fighting
  6051 | D:7      | Noticed SkeletonJelly's ghost (novice MiFi)
  6065 | D:7      | Reached skill level 14 in Polearms
  6644 | D:7      | Reached skill level 3 in Shields
  6682 | D:7      | Found a staircase to the Ecumenical Temple.
  6695 | D:7      | Noticed Pikel
  6721 | D:7      | Killed Pikel
  6721 | D:7      | Reached skill level 6 in Dodging
  6721 | D:7      | Reached skill level 4 in Shields
  6721 | D:7      | Reached skill level 1 in Evocations
  6830 | D:7      | Reached ***** piety under Trog
  6905 | D:8      | Reached skill level 6 in Fighting
  6905 | D:8      | Reached skill level 2 in Evocations
  7173 | D:8      | Reached skill level 5 in Shields
  7388 | D:8      | Reached XP level 10. HP: 70/76 MP: 11/11
  7486 | D:8      | Reached skill level 7 in Dodging
  7512 | D:8      | Reached skill level 3 in Evocations
  7534 | D:8      | Noticed Psyche
  7681 | D:8      | Found a glowing silver altar of Zin.
  7736 | D:8      | Killed Psyche
  7761 | D:8      | Received a gift from Trog
  7811 | D:8      | Noticed Prince Ribbit
  7824 | D:8      | Killed Prince Ribbit
  7824 | D:8      | Reached skill level 6 in Shields
  7964 | D:9      | Noticed a two-headed ogre
  7981 | D:9      | Killed a two-headed ogre
  7981 | D:9      | Reached skill level 7 in Fighting
  7981 | D:9      | Reached skill level 8 in Dodging
  7981 | D:9      | Reached skill level 4 in Evocations
  8051 | D:9      | Reached skill level 7 in Shields
  8398 | D:9      | Found a staircase to the Lair.
  8625 | D:9      | Reached XP level 11. HP: 57/84 MP: 14/14
  8648 | D:9      | Reached skill level 8 in Shields
  8648 | D:9      | Reached skill level 5 in Evocations
  8956 | D:9      | Reached skill level 9 in Dodging
  8967 | D:9      | HP: 20/86 [killer bee (4)]
  8970 | D:9      | Reached skill level 8 in Fighting
  8975 | D:9      | HP: 19/86 [poisoned by a queen bee]
  9488 | D:10     | Entered Level 10 of the Dungeon
  9603 | D:10     | Noticed Fannar
  9619 | D:10     | Killed Fannar
 10034 | D:10     | Reached skill level 9 in Shields
 10040 | D:10     | Found a staircase to the Orcish Mines.
 10560 | D:10     | Found a roughly hewn altar of Beogh.
 10567 | D:10     | Reached skill level 6 in Evocations
 10709 | D:10     | Noticed a two-headed ogre
 10721 | D:10     | Killed a two-headed ogre
 10853 | D:10     | Noticed Urug
 10865 | D:10     | Reached skill level 10 in Dodging
 10884 | D:10     | Killed Urug
 11275 | D:10     | Reached ****** piety under Trog
 11489 | Lair:1   | Entered Level 1 of the Lair of Beasts
 11542 | Lair:1   | Reached XP level 12. HP: 85/94 MP: 16/16
 11616 | Lair:1   | Received a gift from Trog
 11616 | Lair:1   | Reached skill level 9 in Fighting
 11624 | Lair:1   | Reached skill level 10 in Shields
 11928 | Lair:1   | Got a translucent demon trident {god gift}
 11933 | Lair:1   | Identified the +10 demon trident of the Vine {elec, Int+3} (Trog gifted it to you on level 1 of the Lair of Beasts)
 11986 | Lair:1   | Got a slimy spear
 11987 | Lair:1   | Identified the +7 spear "Wiyqiegi" {flame, MR- Int+4 Dex+7} (You found it on level 1 of the Lair of Beasts)
 12363 | Lair:2   | Found a staircase to the Shoals.
 12449 | Lair:2   | Reached skill level 7 in Evocations
 12464 | Lair:2   | Noticed a death yak
 12464 | Lair:2   | Noticed a death yak
 12471 | Lair:2   | Noticed a death yak
 12475 | Lair:2   | Noticed a death yak
 12476 | Lair:2   | Noticed a death yak
 12477 | Lair:2   | Killed a death yak
 12480 | Lair:2   | Noticed a death yak
 12486 | Lair:2   | Killed a death yak
 12486 | Lair:2   | Reached skill level 11 in Dodging
 12490 | Lair:2   | Killed a death yak
 12495 | Lair:2   | Killed a death yak
 12503 | Lair:2   | Killed a death yak
 12510 | Lair:2   | Killed a death yak
 12510 | Lair:2   | Reached skill level 11 in Shields
 12638 | Lair:2   | Found a staircase to the Snake Pit.
 12935 | Lair:2   | Reached skill level 10 in Fighting
 13040 | Lair:2   | Reached skill level 8 in Evocations
 13245 | Lair:2   | Reached XP level 13. HP: 103/103 MP: 19/19
 13614 | Lair:2   | Reached skill level 12 in Dodging
 14033 | Lair:3   | Got a crystal long sword
 14034 | Lair:3   | Identified the +11 long sword "Ifehag" {flame, Str+4 Int+2} (You found it on level 3 of the Lair of Beasts)
 14053 | Lair:3   | Reached skill level 12 in Shields
 15463 | Lair:5   | Identified the Reference Book on Transformation
 16148 | Lair:5   | You fall through a shaft!
 16148 | Lair:6   | Entered Level 6 of the Lair of Beasts
 16152 | Lair:6   | Reached skill level 9 in Evocations
 16208 | Lair:6   | HP: 24/105 [death yak (10)]
 16224 | Lair:6   | Reached skill level 11 in Fighting
 16844 | Lair:6   | Reached skill level 13 in Shields
 16851 | Lair:6   | Reached skill level 13 in Dodging
 16857 | Lair:6   | Received a gift from Trog
 17024 | Lair:6   | Reached XP level 14. HP: 107/113 MP: 21/21
 17392 | Lair:6   | Found a staircase to the Slime Pits.
 17625 | Lair:6   | Reached skill level 10 in Evocations
 18327 | Lair:6   | Noticed a dire elephant
 18341 | Lair:6   | Killed a dire elephant
 18341 | Lair:6   | Reached skill level 14 in Shields
 18363 | Lair:6   | Got a scorched flail
 18365 | Lair:6   | Identified the +3 flail "Uxutt" {crush, rPois rC+ Dex-5} (You found it on level 6 of the Lair of Beasts)
 18645 | D:11     | Noticed Sonja
 18662 | D:11     | Killed Sonja
 18662 | D:11     | Reached skill level 12 in Fighting
 19300 | D:11     | Received a gift from Trog
 19731 | D:12     | Reached skill level 14 in Dodging
 20550 | D:13     | Found a white marble altar of Elyvilon.
 20685 | D:13     | Reached XP level 15. HP: 115/122 MP: 15/22
 21621 | D:14     | Found a gate to the Vaults.
 21734 | D:14     | Reached skill level 15 in Shields
 21753 | D:14     | Reached skill level 3 in Armour
 22287 | D:14     | Received a gift from Trog
 22288 | D:14     | Got a brightly glowing spear {god gift}
 22324 | D:14     | Found Wiokaiqa's Book Emporium.
 22475 | D:14     | Identified the +3 spear "Qerreope" {vamp, MR++} (Trog gifted it to you on level 14 of the Dungeon)
 22504 | D:15     | Entered Level 15 of the Dungeon
 22504 | D:15     | Noticed Louise
 22506 | D:15     | Noticed Agnes
 22595 | D:15     | Found Gegastosk's General Store.
 22680 | D:15     | Bought a scroll of acquirement for 832 gold pieces
 22682 | D:15     | Bought a fan of gales for 640 gold pieces
 22787 | D:15     | Paralysed by a floating eye for 3 turns
 22793 | D:15     | Killed Louise
 22794 | D:15     | Paralysed by a floating eye for 4 turns
 22911 | D:15     | Killed Agnes
 22928 | D:15     | Reached skill level 13 in Fighting
 23004 | D:15     | Reached skill level 15 in Dodging
 23205 | D:15     | Found a staircase to the Depths.
 23304 | D:15     | Reached skill level 4 in Armour
 23626 | D:15     | Received a gift from Trog
 23692 | D:15     | Reached XP level 16. HP: 101/131 MP: 24/24
 24145 | Orc:1    | Entered Level 1 of the Orcish Mines
 24154 | Orc:1    | Reached skill level 16 in Shields
 24446 | Orc:2    | Entered Level 2 of the Orcish Mines
 24603 | Orc:2    | Found a staircase to the Elven Halls.
 24718 | Orc:2    | Found Micwelef's Distillery.
 24733 | Orc:2    | Found Efuybuuj's General Store.
 24758 | Orc:2    | Received a gift from Trog
 24953 | Orc:2    | Reached skill level 5 in Armour
 25463 | Orc:2    | Paralysed by an orc sorcerer for 3 turns
 25474 | Orc:2    | Found Cykiat's Gadget Shop.
 25474 | Orc:2    | Found a one-way gate leading to the halls of Pandemonium.
 25474 | Orc:2    | Found Ylaus's Antique Armour Boutique.
 25478 | Orc:2    | Bought a glowing large shield for 225 gold pieces
 25524 | Orc:2    | Bought a potion of curing for 42 gold pieces
 25524 | Orc:2    | Bought a potion of heal wounds for 70 gold pieces
 25524 | Orc:2    | Bought a potion of heal wounds for 70 gold pieces
 25524 | Orc:2    | Bought a potion of haste for 140 gold pieces
 25524 | Orc:2    | Bought a potion of curing for 42 gold pieces
 25524 | Orc:2    | Bought a potion of heal wounds for 70 gold pieces
 25658 | Shoals:1 | Entered Level 1 of the Shoals
 25945 | Shoals:1 | Reached skill level 16 in Dodging
 25950 | Shoals:1 | Received a gift from Trog
 26945 | Shoals:2 | Reached skill level 14 in Fighting
 26987 | Shoals:2 | Reached skill level 6 in Armour
 27015 | Shoals:2 | Found Gageuf's Antique Armour Boutique.
 27039 | Shoals:2 | Reached skill level 17 in Shields
 27422 | Shoals:3 | Reached XP level 17. HP: 100/139 MP: 25/25
 27878 | Shoals:3 | Found Wuaceule's Weapon Emporium.
 28192 | Shoals:4 | Entered Level 4 of the Shoals
 28202 | Shoals:4 | Noticed Ilsuiw
 28207 | Shoals:4 | Noticed Polyphemus
 28312 | Shoals:4 | Received a gift from Trog
 28322 | Shoals:4 | Killed Ilsuiw
 29035 | Shoals:4 | Killed Polyphemus
 29035 | Shoals:4 | Reached skill level 17 in Dodging
 29132 | Shoals:4 | Found a gateway to a bazaar.
 29172 | Shoals:4 | Reached skill level 7 in Armour
 29205 | Shoals:4 | Reached skill level 18 in Shields
 29222 | Shoals:4 | Received a gift from Trog
 29242 | Shoals:4 | Got a barnacled rune of Zot
 29773 | Snake:1  | Entered Level 1 of the Snake Pit
 29883 | Snake:1  | Found Igin's Assorted Antiques.
 29907 | Snake:1  | Bought a potion of heal wounds for 160 gold pieces
 30189 | Snake:1  | Reached XP level 18. HP: 148/148 MP: 26/26
 30540 | Snake:1  | Reached skill level 15 in Fighting
 31893 | Snake:4  | Entered Level 4 of the Snake Pit
 31913 | Snake:4  | Found Hing's General Store.
 32067 | Snake:4  | Received a gift from Trog
 32604 | Snake:4  | Reached skill level 8 in Armour
 32784 | Snake:4  | Reached skill level 18 in Dodging
 32784 | Snake:4  | Reached skill level 19 in Shields
 33039 | Snake:4  | Received a gift from Trog
 33257 | Snake:4  | Got a serpentine rune of Zot
 33681 | Vaults:1 | Entered Level 1 of the Vaults
 33745 | Vaults:1 | Reached XP level 19. HP: 157/157 MP: 27/27
 33894 | Vaults:1 | Reached skill level 16 in Fighting
 33896 | Vaults:1 | Received a gift from Trog
 34008 | Vaults:1 | Got a dazzling shortbow {god gift}
 34927 | Vaults:2 | Received a gift from Trog
 34993 | Vaults:2 | Received a gift from Trog
 35000 | Vaults:2 | Reached skill level 9 in Armour
 35054 | Vaults:2 | Reached skill level 20 in Shields
 35196 | Vaults:2 | Reached skill level 19 in Dodging
 35512 | Vaults:2 | Noticed a lich
 35527 | Vaults:2 | Killed a lich
 35722 | Vaults:2 | Found a staircase to the Crypt.
 35824 | Vaults:2 | Reached XP level 20. HP: 166/166 MP: 28/28
 36134 | Vaults:2 | Noticed Jory
 36153 | Vaults:2 | Killed Jory
 36179 | Vaults:2 | Received a gift from Trog
 36306 | Vaults:2 | Found a portal to a secret trove of treasure.
 36821 | Vaults:3 | Noticed Sojobo
 36856 | Vaults:3 | Killed Sojobo
 36993 | Vaults:3 | Reached skill level 17 in Fighting
 37195 | Vaults:3 | Received a gift from Trog
 37252 | Vaults:3 | Got an iridescent trident {god gift}
 37253 | Vaults:3 | Identified the +9 trident of Busenem {holy, rElec Str+3} (Trog gifted it to you on level 3 of the Vaults)
 37502 | Vaults:3 | Reached skill level 10 in Armour
 37737 | Vaults:3 | Noticed Jorgrun
 37744 | Vaults:3 | Killed Jorgrun
 37792 | Vaults:3 | Paralysed by an ogre mage for 5 turns
 38330 | D:5      | Bought a manual of Armour for 1214 gold pieces
 38723 | Vaults:2 | You paid a toll of a manual of Armour to enter a treasure trove
 38724 | Trove    | Entered a treasure trove
 38774 | Trove    | Got a heavily runed plate armour
 38780 | Trove    | Identified the +1 plate armour "Lic Ef Ohuomm" {+Inv} (You found it in a treasure trove)
 38817 | Trove    | Got a pitted emerald amulet
 38819 | Trove    | Identified the amulet of Kaulah {RegenMP Str+4} (You found it in a treasure trove)
 38828 | Trove    | Got a transparent bone amulet
 38829 | Trove    | Identified the amulet of Jyodat {Gourm rC+} (You found it in a treasure trove)
 38833 | Trove    | Got an ancient emerald amulet
 38834 | Trove    | Identified the amulet "Wuahibe" {Gourm rF+ Str-4 Slay+2} (You found it in a treasure trove)
 39167 | Vaults:4 | Reached skill level 21 in Shields
 39167 | Vaults:4 | Reached XP level 21. HP: 174/174 MP: 29/29
 39369 | Vaults:4 | Received a gift from Trog
 39611 | Vaults:4 | Reached skill level 20 in Dodging
 39786 | Vaults:4 | Reached XP level 22. HP: 81/182 MP: 30/30
 40204 | Vaults:4 | Received a gift from Trog
 40330 | Vaults:4 | Found a flickering gateway to a bazaar.
 40342 | Bazaar   | Entered a bazaar
 40342 | Bazaar   | Found Wiosoch's General Store.
 40342 | Bazaar   | Found Coqifuag's Jewellery Emporium.
 40346 | Bazaar   | Found Ceceitygh's Antique Weapon Shoppe.
 40360 | Bazaar   | Found Zook's General Store.
 40364 | Bazaar   | Bought a +3 amulet of reflection for 235 gold pieces
 40368 | Bazaar   | Bought a potion of heal wounds for 65 gold pieces
 40738 | Vaults:4 | Paralysed by a great orb of eyes for 2 turns
 41136 | Vaults:5 | Entered Level 5 of the Vaults
 41138 | Vaults:5 | Noticed a golden dragon
 41409 | Vaults:5 | Received a gift from Trog
 41417 | Vaults:5 | Reached skill level 22 in Shields
 41427 | Vaults:5 | Killed a golden dragon
 41433 | Vaults:5 | Noticed a golden dragon
 41446 | Vaults:5 | Killed a golden dragon
 41449 | Vaults:5 | Noticed Boris
 41455 | Vaults:5 | Noticed Xtahua
 41644 | Vaults:4 | Killed Boris
 41644 | Vaults:4 | Reached skill level 18 in Fighting
 41811 | Vaults:4 | Killed Xtahua
 41811 | Vaults:4 | Reached skill level 11 in Armour
 41900 | Vaults:5 | Received a gift from Trog
 41909 | Vaults:5 | HP: 45/184 [titan (15)]
 41921 | Vaults:5 | Reached XP level 23. HP: 49/190 MP: 31/31
 41923 | Vaults:5 | HP: 45/190 [tengu reaver/enchanted war axe (4)]
 42312 | Vaults:5 | Reached skill level 21 in Dodging
 42426 | Vaults:5 | HP: 47/190 [tengu reaver/bolt of poison (5)]
 42437 | Vaults:5 | HP: 47/190 [frost giant/bolt of cold (14)]
 42854 | Vaults:5 | Got a silver rune of Zot
 43563 | Vaults:5 | Noticed Mennas
 43627 | Vaults:5 | Killed Mennas
 43627 | Vaults:5 | Reached skill level 23 in Shields
 44750 | Vaults:5 | Received a gift from Trog
 44895 | Vaults:5 | Found Painkut's Food Emporium.
 44980 | Vaults:5 | Identified the Grimoire of Translocation
 45279 | Depths:1 | Entered Level 1 of the Depths
 45375 | Depths:1 | Noticed Bai Suzhen
 45401 | Depths:1 | Killed Bai Suzhen
 45425 | Depths:1 | Found a gateway to Hell.
 45652 | Depths:1 | Reached XP level 24. HP: 197/200 MP: 31/31
 45654 | Depths:1 | Reached skill level 12 in Armour
 45913 | Depths:1 | Found a bloodstained altar of Trog.
 45924 | Depths:1 | Reached skill level 19 in Fighting
 46128 | Depths:1 | Received a gift from Trog
 46358 | Depths:2 | Paralysed by a floating eye for 4 turns
 46484 | Depths:2 | Reached skill level 22 in Dodging
 46681 | Depths:2 | Found a one-way gate to the infinite horrors of the Abyss.
 47386 | Depths:2 | Found Qaghumni's Gadget Emporium.
 47420 | Depths:2 | Noticed a juggernaut
 47437 | Depths:2 | Killed a juggernaut
 47437 | Depths:2 | Cast into level 3 of the Abyss (a deep elf sorcerer)
 47460 | Abyss:3  | Received a gift from Trog
 47521 | Depths:2 | Escaped the Abyss
 47524 | Depths:2 | HP: 41/201 [acid (16)]
 47527 | Depths:2 | HP: 15/201 [acid (17)]
 47540 | Depths:2 | HP: 50/201 [hell knight/glaive of pain (1)]
 47890 | Depths:2 | Reached skill level 24 in Shields
 47981 | Depths:2 | Got a slimy tin ring
 47982 | Depths:2 | Identified the ring "Jyos" {Int+4 SInv} (You found it on level 2 of the Depths)
 48024 | Depths:2 | Found Konekh's Jewellery Boutique.
 48537 | Depths:2 | Got a transparent bronze ring
 48539 | Depths:2 | Identified the ring "Woumop" {rPois rN+++ Str+2 Int+2 Stlth-} (You found it on level 2 of the Depths)
 48928 | Depths:2 | Got a heavily runed bronze ring
 48929 | Depths:2 | Identified the ring "Jiorepra" {rElec MR+ Int+6} (You found it on level 2 of the Depths)
 49164 | Depths:2 | Paralysed by a floating eye for 4 turns
 49258 | Depths:3 | Noticed Frederick
 49278 | Depths:3 | Killed Frederick
 49278 | Depths:3 | Reached XP level 25. HP: 184/207 MP: 31/31
 49514 | Depths:3 | Gained mutation: You are frail. (-10% HP) [a cacodemon]
 49891 | Depths:3 | Received a gift from Trog
 50974 | Depths:3 | Reached skill level 13 in Armour
 51258 | Depths:4 | Received a gift from Trog
 51338 | Depths:4 | Noticed a juggernaut
 51357 | Depths:4 | Reached skill level 20 in Fighting
 51370 | Depths:4 | Killed a juggernaut
 51390 | Depths:4 | Reached skill level 23 in Dodging
 51557 | Depths:4 | HP: 45/189 [spriggan defender/demon whip of electrocution (19)]
 51566 | Depths:4 | HP: 26/189 [spriggan defender/demon whip of electrocution (21)]
 51608 | Depths:4 | HP: 33/189 [ice dragon (illusionary)/blast of cold (40)]
 51615 | Depths:4 | HP: 20/189 [ice dragon (illusionary)/blast of cold (16)]
 52151 | Depths:4 | Reached skill level 25 in Shields
 52202 | Depths:4 | Noticed a juggernaut
 52229 | Depths:4 | Killed a juggernaut
 52455 | Depths:4 | Got a vibrating bone ring
 52573 | Depths:4 | Found Ceecloi's Book Emporium.
 52901 | Depths:4 | Received a gift from Trog
 53262 | Depths:5 | Entered Level 5 of the Depths
 53318 | Depths:5 | Reached XP level 26. HP: 122/197 MP: 31/31
 53709 | Depths:5 | Identified the ring of Huobeuc Ynoo {*Contam rC+ Slay+5 SInv Stlth+} (You took it off a yaktaur on level 4 of the Depths)
 53874 | Depths:5 | Found a gateway to a ziggurat.
 54038 | Depths:5 | Got a pair of smoking gloves
 54044 | Depths:5 | Identified the cursed +0 pair of gloves of the Alphagorgon {+Inv rCorr} (You found it on level 5 of the Depths)
 54399 | Depths:5 | Found a gate to the Realm of Zot.
 54551 | Zot:1    | Entered Level 1 of the Realm of Zot
 54662 | Zot:1    | Reached skill level 24 in Dodging
 54714 | Zot:1    | Reached skill level 14 in Armour
 55248 | Zot:1    | Got an ancient leather armour
 55277 | Zot:1    | Reached skill level 21 in Fighting
 56183 | Zot:1    | HP: 39/199 [black draconian monk (16)]
 56187 | Zot:1    | HP: 11/199 [black draconian monk (10)]
 56188 | Zot:1    | Slain by a white draconian

Vault maps used:
D:1:      roderic_crop_circles_arrival_small
D:2:      kennysheep_boxes
D:3:      lightli_sewer_entry_pipes
D:4:      black_bear_nest_1, kennysheep_windowed_goal
D:5:      serial_shops, shop, first_bread, cheibriados_altar_1
D:6:      nicolae_dithmenos_through_a_glass_darkly
D:7:      minmay_temple_entry_statues_fountains, uniq_pikel
D:8:      zin_scriptorium, uniq_prince_ribbit1, uniq_psyche
D:9:      erik_lair_orcish_takeover, david_nohive_1, serial_park_tiny_2
D:10:     wad_cavern_with_rooms, minmay_orc_entry_temple_small, uniq_urug,
          uniq_fannar
D:11:     kennysheep_generic_room_9, uniq_sonja
D:13:     kennysheep_spiral_hall, spider_trap, nicolae_twisting_strands,
          lemuel_statue_altar
D:14:     kennysheep_scales, david_vaults_1, serial_shops, kennysheep_mini,
          hangedman_decor_growths
D:15:     gammafunk_enter_depths_forms, amethyst_killhole, serial_shops, shop,
          uniq_agnes, uniq_louise
Lair:2:   elwin_shoals_entry_rocks, minmay_snake_entry_spellcaster,
          serial_bayou_pond_b, minmay_lair_oklob_bushes
Lair:3:   lemuel_fruit_tree
Lair:4:   dpeg_oklob_shooting_range, serial_bayou_shore_a, grunt_megastairs_2
Lair:5:   serial_bayou_shore_b, infiniplex_staircase_pool
Lair:6:   grunt_lair_end_beastmaster, dpeg_slime_entry_corner,
          minmay_lair_oklob_chamber
Shoals:2: cheibrodos_shoals_epimethial_gifts, serial_shops, shop
Shoals:3: serial_shops, nicolae_shop_waterfront, nicolae_shoals_square_sea_wall
Shoals:4: shoals_end_grunt_ice, shoal_ilsuiw, serial_shops, statue_bzr,
          nicolae_shoals_dead_sea_scrolls, uniq_polyphemus
Snake:1:  serial_shops, shop
Snake:3:  grunt_ministairs_14
Snake:4:  snake_pit, serial_shops, shop
Orc:1:    lightli_orcish_oven, uniq_nergalle
Orc:2:    pf_orc_diabolical
Vaults:1: vaults_room_large_hall, nicolae_vaults_big_angled_halls,
          v_alt_pattern_3, nicolae_vaults_circle_grid_b, v_alt_pattern_1,
          ontoclasm_vaults_chip
Vaults:2: vaults_dpeg_spiral, v_misc_27, minmay_crypt_entry_simple_box,
          v_pattern_2, ontoclasm_vaults_fault, v_alt_pattern_4,
          nicolae_vaults_big_ls, vaults_room_pool, grunt_vaults_hallway_short,
          hangedman_vaults_cutoff, hangedman_vaults_pinch,
          vaults_room_door_hall, ontoclasm_vaults_pinch,
          nicolae_vaults_asterisk, nicolae_trove_entry_columns, uniq_jory
Vaults:3: hangedman_vaults_locks, vaults_mumra_hexcomb,
          hangedman_vaults_restitches, special_room_vaults,
          nicolae_vaults_little_squares_5, nicolae_vaults_angled_halls,
          uniq_jorgrun, uniq_sojobo
Vaults:4: vaults_room_octagon, v_pattern_3, hangedman_vaults_maws, v_misc_2,
          nicolae_vaults_stairing_the_circle, nicolae_vaults_little_squares_4,
          vaults_room_ringed_pool, v_misc_5, nicolae_vaults_network_periphery,
          serial_shops, bzr_firewalk
Vaults:5: uniq_mennas, uniq_xtahua, uniq_boris
Depths:1: minmay_misc_feat_secret_circle, hell_entry, kennysheep_small_spiral,
          evilmike_spriggan_trog_shrine, uniq_bai_suzhen
Depths:2: hangedman_spin_cycle, hell_entry, abyss_entry
Depths:3: minmay_box_of_statues, rand_demon_pan_entry_1, serial_bayou_pond_e,
          pf_coc_iceberg, fountainhead, infiniplex_staircase_pool_2,
          uniq_frederick
Depths:4: evilmike_diamond_1, corexii_leaking_fountain, rand_demon_pan_entry_3,
          serial_shops, shop_fountains, abyss_entry, hell_entry,
          infiniplex_staircase_diamond
Depths:5: grunt_twist_and_shout, enter_ziggurat_b, hell_entry, solitary_fountain
Zot:2:    circus_mu
Abyss:3:  nicolae_abyss_rune_left_handed
Bazaar:   bazaar_minmay_row
Trove:    trove_garden
Sewer:    sewer_kobolds

Skill      XL: |  1  2  3  4  5  6  7  8  9 10 11 12 13 14 15 16 17 18 19 20 21 22 23 24 25 26 |
---------------+-------------------------------------------------------------------------------+-----
Polearms       | 5 6 8 9 10 12 13 14 | 14.1
Dodging        | 4 6 8 10 11 13 14 15 16 17 18 19 20 21 22 23 24 | 24.3
Armour         | 2 4 6 7 8 9 10 11 12 13 14 | 14.2
Fighting       | 4 6 7 8 10 11 12 13 14 15 16 17 18 19 20 21 | 21.2
Shields        | 1 5 7 9 11 13 14 15 17 18 19 20 21 22 23 24 25 | 25.1
Evocations     | 2 4 6 8 9 10 | 10.6

Action                   |  1- 3 |  4- 6 |  7- 9 | 10-12 | 13-15 | 16-18 | 19-21 | 22-24 | 25-27 || total
-------------------------+-------+-------+-------+-------+-------+-------+-------+-------+-------++-------
Melee: Spear             |   136 |   279 |   444 |   589 |       |       |       |       |       ||  1448
       Tailslap          |       |     1 |       |       |       |    57 |       |       |       ||    58
       Trident           |       |       |       |   216 |       |       |       |       |       ||   216
       Demon trident     |       |       |       |   124 |  1187 |  1792 |  1302 |  2186 |  1412 ||  8003
Invok: Trog's Hand       |       |     1 |     1 |     1 |     1 |     7 |     8 |    13 |     3 ||    35
       Berserk           |       |     1 |       |       |       |       |       |       |       ||     1
       Burn Spellbooks   |       |       |     2 |     1 |     2 |     3 |       |     4 |       ||    12
       Brothers in Arms  |       |       |       |       |     1 |     2 |     2 |    11 |     5 ||    21
Evoke: Wand              |       |       |       |     1 |     1 |     2 |       |       |     1 ||     5
       Sack of spiders   |       |       |       |       |       |     1 |       |       |       ||     1
       Fan of gales      |       |       |       |       |       |     2 |       |       |       ||     2
       Lamp of fire      |       |       |       |       |       |       |       |       |     1 ||     1
       Lightning rod     |       |       |       |       |       |       |       |       |     1 ||     1
  Use: Scroll            |       |       |    17 |    10 |     9 |    18 |     3 |    10 |     5 ||    72
       Potion            |       |       |       |       |     5 |     2 |     5 |    17 |    10 ||    39
 Stab: Sleeping          |     1 |     3 |       |       |     2 |       |       |       |     1 ||     7
       Petrifying        |       |       |       |       |     2 |     1 |       |       |       ||     3
       Distracted        |       |       |       |       |     2 |     2 |     1 |     2 |     3 ||    10
       Petrified         |       |       |       |       |       |    17 |       |       |       ||    17
       Confused          |       |       |       |       |       |       |       |       |     1 ||     1
  Eat: Chunk             |     1 |     9 |    12 |    14 |    19 |    27 |    12 |    53 |    27 ||   174
       Fruit             |       |     1 |       |       |       |       |     1 |     2 |       ||     4
       Meat ration       |       |       |       |     1 |     4 |     2 |     2 |     2 |       ||    11
       Royal jelly       |       |       |       |       |       |       |       |     6 |       ||     6
       Bread ration      |       |       |       |       |       |       |       |     1 |       ||     1
Armor: Animal skin       |    17 |    28 |       |       |       |       |       |       |       ||    45
       Ring mail         |       |    34 |    83 |   101 |    72 |       |       |       |       ||   290
       Pearl dragon scal |       |       |       |       |    62 |   208 |   146 |   334 |   233 ||   983
Dodge: Dodged            |    64 |    99 |    85 |   232 |   392 |   446 |   358 |   949 |   521 ||  3146
Block: Large shield      |       |       |   102 |   338 |   407 |  1293 |   913 |  2331 |  1379 ||  6763
       Buckler           |       |       |       |    35 |   102 |       |       |       |       ||   137
       Reflection        |       |       |       |       |       |       |       |   128 |       ||   128

Vault maps used:
D:1:      roderic_crop_circles_arrival_small
D:2:      kennysheep_boxes
D:3:      lightli_sewer_entry_pipes
D:4:      black_bear_nest_1, kennysheep_windowed_goal
D:5:      serial_shops, shop, first_bread, cheibriados_altar_1
D:6:      nicolae_dithmenos_through_a_glass_darkly
D:7:      minmay_temple_entry_statues_fountains, uniq_pikel
D:8:      zin_scriptorium, uniq_prince_ribbit1, uniq_psyche
D:9:      erik_lair_orcish_takeover, david_nohive_1, serial_park_tiny_2
D:10:     wad_cavern_with_rooms, minmay_orc_entry_temple_small, uniq_urug,
          uniq_fannar
D:11:     kennysheep_generic_room_9, uniq_sonja
D:13:     kennysheep_spiral_hall, spider_trap, nicolae_twisting_strands,
          lemuel_statue_altar
D:14:     kennysheep_scales, david_vaults_1, serial_shops, kennysheep_mini,
          hangedman_decor_growths
D:15:     gammafunk_enter_depths_forms, amethyst_killhole, serial_shops, shop,
          uniq_agnes, uniq_louise
Lair:2:   elwin_shoals_entry_rocks, minmay_snake_entry_spellcaster,
          serial_bayou_pond_b, minmay_lair_oklob_bushes
Lair:3:   lemuel_fruit_tree
Lair:4:   dpeg_oklob_shooting_range, serial_bayou_shore_a, grunt_megastairs_2
Lair:5:   serial_bayou_shore_b, infiniplex_staircase_pool
Lair:6:   grunt_lair_end_beastmaster, dpeg_slime_entry_corner,
          minmay_lair_oklob_chamber
Shoals:2: cheibrodos_shoals_epimethial_gifts, serial_shops, shop
Shoals:3: serial_shops, nicolae_shop_waterfront, nicolae_shoals_square_sea_wall
Shoals:4: shoals_end_grunt_ice, shoal_ilsuiw, serial_shops, statue_bzr,
          nicolae_shoals_dead_sea_scrolls, uniq_polyphemus
Snake:1:  serial_shops, shop
Snake:3:  grunt_ministairs_14
Snake:4:  snake_pit, serial_shops, shop
Orc:1:    lightli_orcish_oven, uniq_nergalle
Orc:2:    pf_orc_diabolical
Vaults:1: vaults_room_large_hall, nicolae_vaults_big_angled_halls,
          v_alt_pattern_3, nicolae_vaults_circle_grid_b, v_alt_pattern_1,
          ontoclasm_vaults_chip
Vaults:2: vaults_dpeg_spiral, v_misc_27, minmay_crypt_entry_simple_box,
          v_pattern_2, ontoclasm_vaults_fault, v_alt_pattern_4,
          nicolae_vaults_big_ls, vaults_room_pool, grunt_vaults_hallway_short,
          hangedman_vaults_cutoff, hangedman_vaults_pinch,
          vaults_room_door_hall, ontoclasm_vaults_pinch,
          nicolae_vaults_asterisk, nicolae_trove_entry_columns, uniq_jory
Vaults:3: hangedman_vaults_locks, vaults_mumra_hexcomb,
          hangedman_vaults_restitches, special_room_vaults,
          nicolae_vaults_little_squares_5, nicolae_vaults_angled_halls,
          uniq_jorgrun, uniq_sojobo
Vaults:4: vaults_room_octagon, v_pattern_3, hangedman_vaults_maws, v_misc_2,
          nicolae_vaults_stairing_the_circle, nicolae_vaults_little_squares_4,
          vaults_room_ringed_pool, v_misc_5, nicolae_vaults_network_periphery,
          serial_shops, bzr_firewalk
Vaults:5: uniq_mennas, uniq_xtahua, uniq_boris
Depths:1: minmay_misc_feat_secret_circle, hell_entry, kennysheep_small_spiral,
          evilmike_spriggan_trog_shrine, uniq_bai_suzhen
Depths:2: hangedman_spin_cycle, hell_entry, abyss_entry
Depths:3: minmay_box_of_statues, rand_demon_pan_entry_1, serial_bayou_pond_e,
          pf_coc_iceberg, fountainhead, infiniplex_staircase_pool_2,
          uniq_frederick
Depths:4: evilmike_diamond_1, corexii_leaking_fountain, rand_demon_pan_entry_3,
          serial_shops, shop_fountains, abyss_entry, hell_entry,
          infiniplex_staircase_diamond
Depths:5: grunt_twist_and_shout, enter_ziggurat_b, hell_entry, solitary_fountain
Zot:2:    circus_mu
Abyss:3:  nicolae_abyss_rune_left_handed
Bazaar:   bazaar_minmay_row
Trove:    trove_garden
Sewer:    sewer_kobolds

Table legend:
 A = Turns spent in this place as a percentage of turns spent in the entire game.
 B = Non-inter-level travel turns spent in this place as a percentage of non-inter-level travel turns spent in the entire game.
 C = Inter-level travel turns spent in this place as a percentage of turns spent in this place.
 D = Turns resting spent in this place as a percentage of non-inter-level travel turns spent in this place.
 E = Turns spent auto-exploring this place as a percentage of non-inter-level travel turns spent in this place.
 F = Non-inter-level travel turns spent in this place divided by the number of levels of this place that you've seen.
                   A       B       C       D       E      F
               +-------+-------+-------+-------+-------+----------------------
         Total | 100.0 | 100.0 |   0.7 |   2.8 |   9.0 | 385.8
       Dungeon |  27.3 |  27.2 |   1.1 |   2.9 |   9.7 | 328.3
          Lair |   8.0 |   7.9 |   0.9 |   3.2 |  10.3 | 240.2
        Shoals |   8.2 |   8.3 |   0.5 |   1.9 |   8.8 | 374.2
     Snake Pit |   7.7 |   7.7 |   0.7 |   3.3 |  11.7 | 350.8
  Orcish Mines |   3.4 |   3.4 |   0.6 |   1.0 |  10.4 | 306.5
        Vaults |  23.1 |  23.1 |   0.5 |   2.7 |   8.3 | 838.6
        Depths |  18.5 |  18.5 |   0.2 |   2.9 |   7.5 | 672.2
           Zot |   2.5 |   2.5 |   0.2 |   2.8 |   5.6 | 230.5
         Abyss |   0.4 |   0.4 |   0.0 |   3.0 |   0.0 |  67.0
        Bazaar |   0.2 |   0.2 |   0.0 |   0.0 |  26.7 |  30.0
         Trove |   0.3 |   0.3 |   0.0 |   0.0 |  12.9 |  62.0
         Sewer |   0.4 |   0.4 |   0.0 |   0.0 |   7.4 |  81.0
               +-------+-------+-------+-------+-------+----------------------

Table legend:
 A = Kills in this place as a percentage of kills in entire the game.
 B = Kills by you in this place as a percentage of kills by you in the entire game.
 C = Kills by friends in this place as a percentage of kills by friends in the entire game.
 D = Other kills in this place as a percentage of other kills in the entire game.
 E = Experience gained in this place as a percentage of experience gained in the entire game.
 F = Experience gained in this place divided by the number of levels of this place that you have seen.
                   A       B       C       D       E      F
               +-------+-------+-------+-------+-------+----------------------
         Total | 100.0 | 100.0 | 100.0 | 100.0 | 100.0 | 23467.0
       Dungeon |  25.7 |  26.9 |   1.3 |   4.5 |   7.3 | 5399.9
          Lair |   7.1 |   7.5 |   0.0 |   0.0 |   5.0 | 9202.5
        Shoals |   7.1 |   7.0 |  13.3 |   0.0 |   7.6 | 20971.2
     Snake Pit |   7.1 |   7.5 |   0.0 |   0.0 |   7.0 | 19199.5
  Orcish Mines |   5.3 |   5.6 |   0.0 |   0.0 |   1.9 | 10345.0
        Vaults |  27.2 |  25.4 |  68.0 |  36.4 |  35.8 | 78918.8
        Depths |  17.6 |  17.1 |  17.3 |  59.1 |  29.7 | 65579.8
           Zot |   2.0 |   2.1 |   0.0 |   0.0 |   5.4 | 30039.0
         Abyss |   0.3 |   0.3 |   0.0 |   0.0 |   0.2 | 2680.0
         Sewer |   0.6 |   0.6 |   0.0 |   0.0 |   0.0 | 113.0
               +-------+-------+-------+-------+-------+----------------------
